Map: Beckett Industries LE

Players

MarineLorD - Winner!

  • Race: Terran Terran
  • League: Master

Spirit (souL)

  • Race: Terran Terran

Event: DreamHack SC2 Masters 2021 Winter

VOD

Have the link to the VOD?

Description

Time

  • Played on: Oct. 9, 2021, 12:39 p.m.
  • Length: 11:05

All games in this series

Show
View Real Time Build Order
Export as new Build Order

MarineLorD Terran - Winner!

Build Orders: Cyclone Opening, Mech 

Get SALT Encoding   

  12  0:00  SCV  
  13  0:12  SCV  
  14  0:17  Supply Depot  
  14  0:24  SCV  
  15  0:38  SCV  
  15  0:40  Barracks  
  16  0:45  Refinery  
  16  0:50  SCV  
  16  0:53  Refinery  
  17  1:02  SCV  
  18  1:14  SCV  
  19  1:26  Reaper  
  19  1:27  Orbital Command  
  19  1:32  Supply Depot  
  20  1:43  Factory  
  20  1:52  SCV  
  21  1:59  Reaper  
  22  2:04  SCV  
  23  2:16  SCV  
  23  2:21  Command Center  
  24  2:27  Hellion  
  24  2:28  SCV  
  27  2:31  Barracks Tech Lab  
  27  2:37  Supply Depot  
  27  2:40  SCV  
  28  2:48  Starport  
  28  2:53  SCV  
  29  2:59  Cyclone  
  29  3:05  Barracks Reactor  
  32  3:07  SCV  
  33  3:17  Refinery  
  33  3:19  SCV  
  34  3:25  Starport Tech Lab  
  34  3:31  SCV, Cyclone  
  34  3:33  Orbital Command  
  38  3:42  Marine x2  
  38  3:43  SCV  
  41  3:49  Raven  
  41  3:55  SCV  
  44  3:59  SCV  
  44  4:00  Marine x2  
  47  4:05  Siege Tank  
  47  4:08  Supply Depot  
  50  4:10  SCV  
  50  4:11  SCV  
  52  4:18  Marine x2  
  54  4:25  Supply Depot x2  
  54  4:30  SCV x2  
  56  4:32  Raven  
  56  4:36  Marine x2  
  60  4:40  Supply Depot  
  60  4:42  SCV x2  
  62  4:46  Siege Tank  
  65  4:54  SCV x2  
  65  4:55  Marine  
  65  4:56  Supply Depot, Marine  
  69  5:06  SCV x2  
  71  5:18  SCV x2  
  73  5:24  Command Center  
  73  5:26  Siege Tank  
  76  5:30  SCV  
  76  5:31  Viking x2  
  81  5:37  SCV  
  83  5:42  SCV  
  83  5:49  Factory, SCV  
  83  5:50  Factory  
  83  5:51  Refinery  
  83  5:52  Supply Depot  
  83  5:56  SCV  
  85  6:04  SCV  
  85  6:07  Siege Tank  
  85  6:09  SCV  
  89  6:15  Viking  
  89  6:17  Viking  
  93  6:21  SCV x2  
  95  6:32  Barracks Reactor  
  95  6:33  SCV x2  
  95  6:34  Supply Depot x2  
  95  6:35  Orbital Command  
  95  6:39  Siege Tank  
  99  6:45  SCV  
  99  6:46  SCV  
  101  6:51  Viking  
  103  6:57  SCV  
  103  6:58  SCV, Siege Tank  
  108  7:02  Orbital Command  
  108  7:09  Refinery  
  108  7:10  SCV, Refinery  
  108  7:13  SCV  
  110  7:20  Viking  
  110  7:21  Viking  
  110  7:22  SCV  
  115  7:26  SCV  
  116  7:34  SCV x2  
  116  7:35  Siege Tank  
  121  7:38  SCV  
  122  7:46  SCV x2  
  122  7:50  Viking  
  122  7:51  SCV, Viking  
  128  7:56  Supply Depot  
  128  7:57  Supply Depot, Armory  
  128  7:58  Armory  
  129  8:00  SCV, Engineering Bay  
  129  8:02  SCV  
  133  8:18  Supply Depot x2, Siege Tank  
  134  8:20  Viking  
  134  8:21  Viking  
  138  8:29  Supply Depot, SCV  
  138  8:31  SCV x2  
  137  8:36  Command Center  
  129  8:46  Siege Tank  
  130  8:50  Siege Tank, Viking x2  
  131  9:03  Factory  
  131  9:04  Factory  
  131  9:14  Refinery  
  131  9:15  Refinery  
  131  9:17  Hellion x2  
  131  9:19  Hellion  
  131  9:22  Hellion  
  139  9:35  Viking  
  139  9:36  Viking  
  143  9:39  Hellion x2  
  143  9:41  Hellion  
  143  9:45  Supply Depot, Infernal Pre-Igniter  
  149  9:48  Supply Depot  
  140  10:01  Planetary Fortress  
  140  10:03  SCV x2  
  140  10:04  SCV  
  140  10:05  Viking  
  140  10:06  Viking  
  144  10:08  Hellion  
  148  10:15  SCV  
  148  10:16  SCV  
  150  10:24  Factory Reactor  
  150  10:25  Hellion, Siege Tank x2, Factory Tech Lab  
  156  10:29  Hellion  
  162  10:46  SCV  
  162  10:48  SCV x2  
  162  10:51  Missile Turret  
Show
View Real Time Build Order
Export as new Build Order

Spirit Terran 

Build Orders:  

Get SALT Encoding   

  12  0:00  SCV  
  13  0:12  SCV  
  14  0:17  Supply Depot  
  14  0:24  SCV  
  15  0:38  SCV  
  15  0:40  Barracks  
  16  0:44  Refinery  
  16  0:50  SCV  
  17  1:00  Refinery  
  17  1:03  SCV  
  18  1:15  SCV  
  19  1:27  Reaper, Orbital Command  
  19  1:29  Supply Depot  
  20  1:46  Factory  
  20  1:53  SCV  
  21  1:59  Reaper  
  22  2:05  SCV  
  23  2:17  SCV  
  23  2:20  Command Center  
  24  2:29  SCV  
  27  2:30  Hellion  
  27  2:32  Barracks Reactor  
  27  2:39  Supply Depot  
  27  2:42  SCV  
  30  2:51  Hellion  
  30  2:54  SCV  
  30  2:55  Starport  
  30  3:06  SCV  
  30  3:09  Marine x2  
  33  3:13  Factory Tech Lab  
  33  3:18  SCV  
  34  3:27  Refinery, Marine x2  
  34  3:30  SCV  
  37  3:36  Starport Tech Lab  
  37  3:42  SCV, Cyclone  
  37  3:43  Orbital Command  
  41  3:49  Marine  
  41  3:50  Marine  
  41  3:54  SCV, Raven  
  46  4:01  Supply Depot  
  46  4:06  SCV  
  46  4:08  Supply Depot  
  47  4:10  SCV  
  48  4:18  SCV, Siege Tank  
  48  4:22  SCV  
  48  4:23  Marine  
  54  4:30  Supply Depot, SCV  
  55  4:35  SCV  
  55  4:37  Supply Depot  
  56  4:43  SCV  
  57  4:47  SCV  
  60  4:53  Supply Depot  
  60  4:55  SCV  
  60  4:56  Siege Tank, Raven  
  60  4:59  Supply Depot, SCV  
  66  5:07  SCV  
  66  5:11  SCV  
  66  5:17  Supply Depot  
  66  5:19  SCV  
  67  5:21  Marine  
  67  5:22  Marine  
  67  5:24  SCV, Command Center  
  70  5:30  Supply Depot  
  70  5:31  SCV  
  70  5:33  Refinery  
  70  5:36  SCV  
  72  5:43  SCV  
  72  5:44  Siege Tank  
  72  5:47  Supply Depot  
  72  5:48  SCV  
  75  5:55  SCV  
  76  6:00  SCV, Viking x2  
  76  6:01  Stimpack, Marine  
  82  6:11  SCV  
  82  6:13  SCV  
  82  6:16  Siege Tank  
  82  6:17  Barracks  
  87  6:18  Barracks  
  87  6:23  SCV  
  86  6:28  SCV, Engineering Bay  
  86  6:33  Engineering Bay  
  86  6:36  SCV, Viking  
  89  6:41  Viking  
  89  6:43  SCV  
  92  6:48  SCV, Siege Tank, Orbital Command  
  96  6:54  Terran Infantry Weapons Level 1  
  96  6:55  SCV  
  97  7:01  Terran Infantry Armor Level 1  
  97  7:02  Marine  
  97  7:05  Barracks Reactor  
  97  7:06  Barracks Reactor, Viking  
  97  7:08  SCV  
  101  7:10  SCV  
  101  7:11  Viking  
  102  7:18  Orbital Command  
  102  7:21  Marine  
  103  7:23  Siege Tank  
  103  7:24  SCV  
  103  7:25  SCV  
  108  7:36  SCV, Viking  
  111  7:37  SCV  
  111  7:40  Marine  
  111  7:41  Viking  
  111  7:43  Refinery  
  112  7:45  Refinery  
  112  7:48  SCV  
  111  7:52  SCV x2  
  113  8:01  SCV  
  111  8:06  Viking  
  111  8:07  SCV  
  111  8:10  SCV  
  111  8:11  Viking, Marine x5  
  119  8:16  Combat Shield  
  119  8:18  SCV  
  119  8:20  SCV, Barracks x2  
  115  8:28  Marine  
  115  8:29  Marine x4  
  119  8:36  SCV, Viking  
  119  8:37  Siege Tank  
  109  8:41  Viking  
  109  8:46  Marine x2  
  109  8:48  Marine x2  
  109  8:52  Marine  
  109  8:53  SCV  
  109  8:55  SCV  
  80  9:04  Marine x2  
  80  9:05  SCV, Marine  
  80  9:07  SCV  
  80  9:09  Barracks Reactor, Siege Tank, Armory  
  90  9:10  Barracks Reactor, Orbital Command  
  90  9:16  Medivac  
  90  9:17  Medivac, SCV  
  91  9:19  SCV  
  90  9:24  Marine  
  90  9:26  Marine x3  
  90  9:28  Marine  
  90  9:29  SCV  
  97  9:31  SCV  
  97  9:35  SCV  
  91  9:42  SCV, Marine  
  91  9:43  SCV  
  91  9:44  Marine x3  
  87  9:46  Medivac, Sensor Tower, Marine  
  87  9:47  Medivac, SCV  
  90  9:53  Marine  
  90  9:54  SCV  
  90  9:55  SCV  
  90  9:56  Marine  
  85  10:00  SCV  
  84  10:09  Marine  
  84  10:10  SCV, Marine  
  84  10:13  SCV  
  79  10:15  SCV  
  79  10:16  Medivac  
  79  10:17  Marine  
  81  10:26  Medivac  
  81  10:27  SCV  
  80  10:28  SCV  
  80  10:33  SCV  
  81  10:39  SCV  
  82  10:43  Marauder  

Tags
 
Add a new tag
Caveats
  • Supply blocks, unpowered buildings, or Contaminate may cause inaccurate times.
  • Supply counts are checked every 10 seconds.